 Dungeon Crawl Stone Soup version 0.29-a0-973-gac7da5f7f0 (webtiles) character file.

Game seed: 15023519586205223760

40 porpoise the Changer (level 3, -3/26 HPs)
             Began as a Merfolk Transmuter on Aug 1, 2022.
             Splashed by a jelly's acid (10 damage)
             ... on level 2 of the Dungeon.
             The game lasted 00:04:52 (1266 turns).

porpoise the Changer (Merfolk Transmuter)           Turns: 1266, Time: 00:04:53

Health: -3/26      AC:  1    Str: 12    XL:     3   Next: 50%
Magic:  6/6        EV: 11    Int: 12    God:
Gold:   56         SH:  0    Dex: 14    Spells: 3/6 levels left

rFire   . . .      SeeInvis .   a - +1 dagger (venom)
rCold   . . .      Faith    .   (no shield)
rNeg    . . .      Spirit   .   e - +0 ring mail
rPois   .          Reflect  .   (no helmet)
rElec   .          Harm     .   (no cloak)
rCorr   .          Rampage  .   (no gloves)
Will    .....                   (no boots)
Stlth   +.........              (no amulet)
HPRegen 0.08/turn               i - ring of flight
MPRegen 0.10/turn               (no ring)

@: corroded, flying
A: (nimble swimmer 2), mertail
a: no special abilities


You were on level 2 of the Dungeon.
You visited 1 branch of the dungeon, and saw 2 of its levels.

You collected 56 gold pieces.

Inventory:

Hand Weapons
 a - a +1 dagger of venom (weapon)
 w - a +0 spear
Missiles
 f - 2 boomerangs
 h - 11 poisoned darts
Armour
 e - a +0 ring mail (worn)
Jewellery
 i - a ring of flight (left hand)
Scrolls
 c - 2 scrolls of identify {unknown}
 d - a scroll of fear {unknown}
 j - a scroll of amnesia {unknown}
 l - a scroll of vulnerability {unknown}
Potions
 b - 2 potions of lignification
 g - 2 potions of berserk rage {unknown}
 k - a potion of haste {unknown}


   Skills:
 + Level 1.2 Fighting
 - Level 2.6 Dodging
 * Level 3.8 Unarmed Combat
 - Level 2.3 Spellcasting
 + Level 4.0 Transmutations


You had 3 spell levels left.
You knew the following spells:

 Your Spells              Type           Power      Damage    Failure   Level
a - Beastly Appendage     Tmut           22%        N/A       12%         1
w - Wereblood             Tmut           11%        N/A       17%         2

Your spell library contained the following spells:

 Spells                   Type           Power      Damage    Failure   Level
 Spider Form              Tmut/Pois      6%         N/A       61%         3
 Ice Form                 Ice/Tmut       6%         N/A       95%         4


Dungeon Overview and Level Annotations

Branches:
Dungeon (2/15)

Altars:


Innate Abilities, Weirdness & Mutations

((You are very nimble when in or above water. (Stealth+, EV+, Speed+++)))
Your lower body shifts to a powerful aquatic tail in water.


Message History

You now have 46 gold pieces (gained 10).
You now have 56 gold pieces (gained 10).
c - 2 scrolls labelled MILUIPI OROM (gained 1)
k - a glowing pink potion
l - a scroll labelled QIGERATENU A kobold comes into view.
It is wielding a +1 dagger of venom.
The kobold hits you with a +1 dagger of venom.
You hit the kobold but do no damage.
The kobold is poisoned.
The kobold barely misses you.
You hit the kobold.
You kill the kobold!
Things that are here:
a +1 dagger of venom; a kobold corpse
m - a +1 dagger of venom Adjust to which letter? (? for menu, Esc to quit)
a - a +1 dagger of venom;
m - a +0 dagger of venom (weapon)
Your +0 dagger of venom stops dripping with poison.
You are now empty-handed.
You drop a +0 dagger of venom.
Your +1 dagger of venom begins to drip with poison!
a - a +1 dagger of venom (weapon)
A jelly comes into view.
Found 6 gold pieces.
The jelly hits you but does no damage.
You hit the jelly.
Your hands burn!
The jelly is moderately wounded.
The jelly misses you.
You barely miss the jelly.
The jelly is moderately wounded.
The jelly hits you but does no damage.
You barely miss the jelly.
The jelly is moderately wounded.
The jelly hits you.
You are splashed with acid!
You are too injured to fight recklessly!
You are too injured to fight recklessly!
You hit the jelly.
The jelly is poisoned.
Your hands burn!
The jelly is heavily wounded.
The jelly hits you.
* * * LOW HITPOINT WARNING * * *
The acid corrodes you!
You are splashed with acid!
You die...

#####
##.........#
######
#..#.#.#.#.##
......
#............
######
#..#.#.#.#.# #
#..........#### #
#..#.#.#.#..... #
#$.J........#.# #
#..#@#.#.#.##.# #
#..........##.# #
#.##.#.######.# #
#....#.######.# #
###..........##..
# #..#######.##.#
# #.. #.##.# #
#..# #.##.# #
#..#######.##.# #


You could see a jelly (very poisoned).

Vanquished Creatures
  A dart slug (D:1)
  4 endoplasms (D:1)
  A giant cockroach (D:1)
  A goblin (D:1)
  3 hobgoblins
  3 jackals (D:1)
  4 kobolds
  A quokka (D:1)
  4 ball pythons
  9 bats
  A frilled lizard (D:1)
  2 rats (D:1)
34 creatures vanquished.

Notes
Turn   | Place    | Note
-------+----------+-------------------------------------------
     0 | D:1      | porpoise the Merfolk Transmuter began the quest for the
                  | Orb.
     0 | D:1      | Reached XP level 1. HP: 15/15 MP: 3/3
    99 | D:1      | Reached skill level 3 in Transmutations
   239 | D:1      | Reached XP level 2. HP: 19/21 MP: 5/5
   614 | D:1      | Reached XP level 3. HP: 20/26 MP: 6/6
   756 | D:1      | Learned a level 2 spell: Wereblood
  1148 | D:2      | Reached skill level 4 in Transmutations
  1266 | D:2      | Splashed by a jelly's acid

Illustrated notes

Levels and vault maps discovered:
D:1:      eino_arrival_cavern_e, layout_loops_ring, minmay_misc_feat_encased,
          st_stairs_8
D:2:      layout_loops_ring, serial_glass, glass_columns_b, glass_columns_c

Skill      XL: |  1  2  3 |
---------------+----------+-----
Transmutations | 3 4 |  4.0
Fighting       | |  1.2
Dodging        | |  2.6
Unarmed Combat | |  3.8
Spellcasting   | |  2.3

Action                   || total
-------------------------++-------
Melee: Dagger            ||    95
       Unarmed           ||     6
       Punch             ||     2
 Cast: Beastly Appendage ||     2
Armor: Ring mail         ||    38
       Robe              ||     1
Dodge: Dodged            ||    51

Table legend: (Time is in decaauts)
 A = Elapsed time spent in this place.
 B = Non-inter-level travel time spent in this place.
 C = Inter-level travel time spent in this place.
 D = Time resting spent in this place.
 E = Time spent auto-exploring this place.
 F = Levels seen in this place.
 G = Mean time per level.
                   A        B        C        D        E       F      G
               +--------+--------+--------+--------+--------+-----+--------+
         Total |   1262 |   1235 |     27 |    239 |    744 |   2 |  631.0 |
       Dungeon |   1262 |   1235 |     27 |    239 |    744 |   2 |  631.0 |
               +--------+--------+--------+--------+--------+-----+--------+

Top non-repeatable levels by time:
     D:1: 1065 daAuts
     D:2: 197 daAuts
